 Dungeon Crawl Stone Soup version 0.32-a0-516-g94ed278cf8 (webtiles) character file.

Game seed: 10608324051265218096

1011 GordonOverkill the Cleaver (level 8, -2/60 HPs)
             Began as a Coglin Delver on Feb 27, 2024.
             Was a Follower of Makhleb.
             Slain by Pikel
             ... wielding a +2 whip of flaming
              (3 damage)
             ... on level 5 of the Dungeon.
             The game lasted 00:09:26 (5262 turns).

GordonOverkill the Cleaver (Coglin Delver)          Turns: 5262, Time: 00:09:27

Health: -2/60      AC:  9    Str: 15    XL:     8   Next: 21%
Magic:  8/8        EV:  7    Int: 10    God:    Makhleb [*.....]
Gold:   156        SH:  0    Dex: 15    Spells: 7/7 levels left

rFire   . . .        a - +0 hand axe {Anan}
rCold   . . .        h - +0 spear (flame) {Suthep}
rNeg    . . .        o - +0 chain mail
rPois   .            j - +0 helmet
rElec   .            (no cloak)
rCorr   .            (no gloves)
SInv    .            (no boots)
Will    .....        (no amulet) Stlth
                     (ring unavailable)
HPRegen 0.30/turn    (ring unavailable)
MPRegen 0.11/turn

%: no passive effects
@: invisible, revved
A: off-hand wielding, slow wielding, warmup strikes, no rings
a: Renounce Religion


You were on level 5 of the Dungeon.
You worshipped Makhleb.
Makhleb was aware of your devotion.
You visited 1 branch of the dungeon, and saw 5 of its levels.
You also visited: Sewer.

You collected 282 gold pieces.
You spent 126 gold pieces at shops.

Inventory:

Hand Weapons
 a - a +0 hand axe (weapon) {Anan}
 h - a +0 spear of flaming (offhand) {Suthep}
Missiles
 i - 4 datura-tipped darts (quivered)
 l - 5 poisoned darts
Armour
 b - a +0 leather armour
 j - a +0 helmet (worn)
 o - a +0 chain mail (worn)
Wands
 g - a wand of digging (3)
Scrolls
 c - a scroll of fog
 d - a scroll of revelation
 e - 2 scrolls of fear
 f - a scroll of blinking {unknown}
 k - a scroll of enchant weapon {unknown}
 p - a scroll of noise {unknown}
 u - 5 scrolls of identify {unknown}
 w - a scroll of summoning {unknown}
 y - 4 scrolls of teleportation
 z - a scroll of enchant armour
Potions
 n - a potion of experience {unknown}
 q - 2 potions of magic
 s - a potion of mutation {unknown}
 t - a potion of enlightenment {unknown}
 x - a potion of brilliance {unknown}
 A - a potion of resistance {unknown}


   Skills:
 - Level 4.0 Fighting
 + Level 9.1 Axes
 - Level 1.7 Dodging
 - Level 4.1 Stealth


You had 7 spell levels left.
You didn't know any spells.
Your spell library contained the following spells:

 Spells                   Type           Power      Damage    Failure   Level
 Magic Dart               Conj           0%         1d3       99%         1
 Blink                    Tloc           0%         N/A       100%        2
 Call Imp                 Summ           0%         N/A       100%        2
 Call Canine Familiar     Summ           0%         N/A       100%        3
 Sigil of Binding         Hex            0%         N/A       100%        3
 Animate Dead             Necr           0%         N/A       100%        4
 Dimensional Bullseye     Hex/Tloc       0%         N/A       100%        4
 Haunt                    Necr/Summ      0%         N/A       100%        7
 Borgnjor's Revivificati  Necr           0%         N/A       100%        8
 Infestation              Necr           0%         N/A       100%        8
 Death's Door             Necr           0%         N/A       100%        9


Dungeon Overview and Level Annotations

Branches:
Dungeon (5/15)              Sewer (visited)
 Temple: D:4-7

Altars:
Cheibriados
Hepliaklqana
Makhleb
Qazlal
Uskayaw
Vehumet
Xom

Shops:
D:1 (   D:2 ?

Annotations:
D:5 Pikel


Innate Abilities, Weirdness & Mutations

You can wield a second weapon in your off-hand.
It takes a long time for you to wield or remove held weapons.
Your first few attacks do less damage.
Your grasper-arms cannot wear rings.


Message History

You closely miss Pikel with your +0 hand axe.
Pikel is heavily wounded.
You barely miss Pikel with your +0 spear of flaming.
Pikel barely misses you.
You miss Pikel with your +0 spear of flaming.
Pikel is heavily wounded.
You hit Pikel with your +0 hand axe. Pikel hits you but does no damage.
You closely miss Pikel with your +0 spear of flaming.
Pikel is heavily wounded.
You strike the helpless Pikel from behind!
You hit Pikel with your +0 hand axe.
Pikel hits you with a +2 whip of flaming!
* * * LOW HITPOINT WARNING * * *
Pikel burns you.
* * * LOW HITPOINT WARNING * * *
You hit Pikel with your +0 hand axe.
Pikel is severely wounded.
You hit Pikel with your +0 spear of flaming.
You burn Pikel.
The white imp gestures at the lemure.
The puff of frost hits the lemure!
Pikel hits you but does no damage.
You closely miss Pikel with your +0 hand axe.
Pikel is almost dead.
You catch the helpless Pikel completely off-guard!
You hit Pikel but do no damage.
The lemure shouts!
You barely miss Pikel with your +0 spear of flaming.
Pikel is almost dead.
You barely miss Pikel with your +0 hand axe.
The white imp gestures at the lemure.
The puff of frost hits the lemure!
You catch the helpless Pikel completely off-guard!
You hit Pikel but do no damage.
Pikel is almost dead.
You hit Pikel but do no damage.
Pikel hits you with a +2 whip of flaming.
* * * LOW HITPOINT WARNING * * *
Pikel burns you.
You die...
Pikel says, "See you in Hell!"

.#. ... #.# ## #
#.##### .. #.#.....#
.# #.#.....##..####
#.......<.......
########5........####
#....@K55........#
#.######.........#
#.........#
#########.# .# .#


You could see Pikel (unable to see you), 2 lemures and a white imp (unable to
see you).

Vanquished Creatures
  Sigmund (D:4)
  Menkaure (D:4)
  A black bear (D:4)
  An ogre (D:4)
  A lemure (D:4)
  Blork the orc (D:4)
  A howler monkey (D:4)
  A hound (D:4)
  3 jellies (Sewer)
  An iguana (D:4)
  Natasha (thrice) (D:3)
  Robin (D:3)
  4 gnolls (D:2)
  A river rat (Sewer)
  8 adders
  4 dart slugs
  3 ribbon worms
  4 bats
  10 endoplasms
  8 giant cockroaches
  16 goblins
  6 hobgoblins
  A quokka (D:3)
  14 ball pythons
  8 frilled lizards
  4 kobolds
  13 rats
120 creatures vanquished.

Vanquished Creatures (others)
  A lemure (D:5)
1 creature vanquished.

Grand Total: 121 creatures vanquished

Notes
Turn   | Place    | Note
-------+----------+-------------------------------------------
     0 | D:5      | GordonOverkill the Coglin Delver began the quest for the
                  | Orb.
     0 | D:5      | Reached XP level 1. HP: 18/18 MP: 1/1
    19 | D:5      | Found a snail-covered altar of Cheibriados.
    48 | D:5      | Found a shimmering altar of Xom.
   175 | D:4      | Noticed Blork the orc
   199 | D:3      | Noticed Natasha
   206 | D:3      | Noticed a cerulean imp
   206 | D:3      | Killed Natasha
   207 | D:3      | Reached skill level 3 in Axes
   207 | D:3      | Reached XP level 2. HP: 22/24 MP: 2/2
   207 | D:3      | Reached XP level 3. HP: 27/29 MP: 3/3
   269 | D:3      | Noticed Natasha
   276 | D:3      | Killed Natasha
   277 | D:3      | Reached skill level 4 in Axes
   293 | D:3      | Noticed Natasha
   308 | D:3      | Reached XP level 4. HP: 34/35 MP: 4/4
   314 | D:3      | Killed Natasha
   360 | D:3      | Noticed Robin
   394 | D:3      | Killed Robin
   538 | D:3      | Found a glowing drain.
   572 | Sewer    | Entered a sewer
   593 | Sewer    | Reached skill level 5 in Axes
   612 | Sewer    | Reached XP level 5. HP: 31/41 MP: 5/5
   911 | Sewer    | Found a viscous altar of Jiyva.
  1200 | Sewer    | Reached skill level 6 in Axes
  1200 | Sewer    | Reached XP level 6. HP: 33/47 MP: 6/6
  2193 | D:1      | Found Ifexor's Weapon Shoppe.
  2729 | D:2      | Found Uloaj's Magic Scroll Emporium.
  2786 | D:2      | Bought a scroll of enchant armour for 90 gold pieces
  2786 | D:2      | Bought a scroll of teleportation for 36 gold pieces
  3210 | D:2      | Found a faded altar of an unknown god.
  3215 | D:2      | Prayed at the altar of an unknown god.
  3215 | D:2      | Became a worshipper of Makhleb the Destroyer
  3215 | D:2      | Reached * piety under Makhleb
  3258 | D:3      | Found a hide-covered altar of Uskayaw.
  3544 | D:3      | Found a faded altar of an unknown god.
  3548 | D:3      | Found a stormy altar of Qazlal.
  3656 | D:3      | Found a hazy altar of Hepliaklqana.
  4138 | D:4      | Reached XP level 7. HP: 54/54 MP: 7/7
  4153 | D:4      | Noticed Sigmund
  4191 | D:4      | Killed Sigmund
  4192 | D:4      | Reached skill level 7 in Axes
  4404 | D:4      | Noticed Menkaure
  4412 | D:4      | Killed Menkaure
  4413 | D:4      | Reached skill level 8 in Axes
  4947 | D:4      | Killed Blork the orc
  4948 | D:4      | Reached XP level 8. HP: 37/60 MP: 8/8
  5123 | D:5      | Noticed Pikel
  5138 | D:4      | Reached skill level 9 in Axes
  5262 | D:5      | HP: 1/60 [Pikel/+2 whip of flaming (5)]
  5262 | D:5      | Slain by Pikel

Illustrated notes

Levels and vault maps discovered:
D:1:      dpeg_arrival_rooms_b, layout_basic, serial_shops, shop,
          serial_bayou_ford_a
D:2:      layout_basic, serial_shops, shop, shapermc_ecumenical_altar_petra
D:3:      layout_loops_ring, nicolae_uskayaw_dance_hall,
          nicolae_hepliaklqana_hippocampus, nicolae_overflow_ecumenical_swirl,
          cheibrodos_sewer_entry_bend, kennysheep_generic_room_13, uniq_natasha,
          uniq_robin
D:4:      layout_basic, minivault_23, uniq_sigmund, uniq_blork_the_orc,
          uniq_menkaure
D:5:      layout_basic, fiery_altar_vehumet, kennysheep_slug_shrine,
          nzn_overflow_gifts_of_might_and_magic, kennysheep_mini, uniq_pikel

Skill      XL: |  1  2  3  4  5  6  7  8 |
---------------+-------------------------+-----
Axes           | 3 4 5 6 8 9 |  9.1
Fighting       | 4 |  4.0
Dodging        | |  1.7
Stealth        | |  4.1

Action                     |  1- 3 |  4- 6 |  7- 9 || total
---------------------------+-------+-------+-------++-------
  Melee: Spear             |    20 |   235 |    77 ||   332
         Hand axe          |    14 |   202 |    75 ||   291
    Use: Potion            |       |       |    11 ||    11
   Stab: Sleeping          |       |     4 |       ||     4
         Invisible         |       |       |     8 ||     8
 Armour: Leather armour    |     6 |    40 |       ||    46
         Chain mail        |       |    83 |    91 ||   174
  Dodge: Dodged            |     8 |    64 |    20 ||    92
         Repelled          |     1 |     1 |       ||     2

Table legend: (Time is in decaauts)
 A = Elapsed time spent in this place.
 B = Non-inter-level travel time spent in this place.
 C = Inter-level travel time spent in this place.
 D = Time resting spent in this place.
 E = Time spent auto-exploring this place.
 F = Levels seen in this place.
 G = Mean time per level.
                   A        B        C        D        E       F      G
               +--------+--------+--------+--------+--------+-----+--------+
         Total |   5286 |   5053 |    233 |   1042 |   2810 |   6 |  881.0 |
       Dungeon |   4559 |   4326 |    233 |    622 |   2718 |   5 |  911.8 |
         Sewer |    726 |    726 |      0 |    420 |     92 |   1 |  726.0 |
               +--------+--------+--------+--------+--------+-----+--------+

Top non-repeatable levels by time:
     D:4: 1512 daAuts
     D:3: 1019 daAuts
     D:1: 968 daAuts
     D:2: 922 daAuts
   Sewer: 726 daAuts
     D:5: 136 daAuts
